 Dungeon Crawl Stone Soup version 0.16.1-51-g6203257 (webtiles) character file.

1431 Tessst the Chopper (level 9, 0/64 HPs)
             Began as a Human Fighter on July 4, 2015.
             Was a Priest of Cheibriados.
             Splashed by a jelly's acid (3 damage)
             ... on level 6 of the Dungeon.
             The game lasted 00:25:45 (6297 turns).

Tessst the Chopper (Human Fighter)                  Turns: 6297, Time: 00:25:47

Health: 0/64       AC: -21   Str: 25    XL:     9   Next: 3%
Magic:  9/9        EV: 15    Int: 16    God:    Cheibriados [***...]
Gold:   18         SH: 10    Dex: 21    Spells: 0 memorised, 8 levels left

rFire  . . .     SeeInvis .     n - -3 hand axe (curse)
rCold  . . .     Clarity  .     t - +0 swamp dragon armour
rNeg   . . .     SustAb   .     c - +0 shield
rPois  +         Gourm    .     y - +0 helmet
rElec  .         Spirit   .     j - +0 cloak
rCorr  .         Warding  .     s - +0 pair of gloves
rMut   .         Stasis   .     k - +1 pair of boots
MR     .....                    (no amulet)
Stlth  +.........               (no ring)
                                (no ring)

@: lethally poisoned (0 -> -2), corroded equipment, very slow, not resistant to
hostile enchantments, very unstealthy
A: hooves 1
a: Bend Time, Temporal Distortion, Renounce Religion


You were on level 6 of the Dungeon.
You worshipped Cheibriados.
Cheibriados was most pleased with you.
You were very hungry.

You visited 2 branches of the dungeon, and saw 7 of its levels.

You collected 336 gold pieces.
You spent 318 gold pieces at shops.

Inventory:

Hand weapons
 a - a +0 war axe
 n - a cursed -3 hand axe (weapon)
Armour
 b - a +0 scale mail
 c - a +0 shield (worn)
 j - a +0 cloak (worn)
 k - a +1 pair of boots (worn)
 s - a +0 pair of gloves (worn)
 t - a +0 swamp dragon armour (worn)
 y - a +0 helmet (worn)
 B - a +0 scale mail of cold resistance
Magical devices
 q - a wand of polymorph (7)
Scrolls
 p - a scroll of recharging
Potions
 e - 2 potions of might
 f - a potion of cancellation {unknown}
 i - 2 potions of ambrosia
 m - a potion of restore abilities
 r - 2 potions of flight
 v - 3 potions of curing
 w - 2 potions of magic
 x - 2 potions of heal wounds
 z - a potion of degeneration {unknown}
 A - 3 potions of agility
Comestibles
 d - 4 bread rations
 g - 4 meat rations
 l - 2 royal jellies
 o - 4 fruits


   Skills:
 - Level 3.2 Fighting
 * Level 7.5 Axes
 - Level 3.1 Armour
 * Level 7.2 Dodging
 - Level 3.1 Shields
 + Level 0.2 Invocations


You had 8 spell levels left.
You didn't know any spells.

Dungeon Overview and Level Annotations

Branches:
Dungeon (6/15)             Temple (1/1) D:4

Altars:
Ashenzari
Cheibriados
Dithmenos
Elyvilon
Fedhas
Gozag
Kikubaaqudgha
Makhleb
Nemelex Xobeh
Okawaru
Qazlal
Ru
Trog
Vehumet
Zin

Shops:
D:6 **!


Innate Abilities, Weirdness & Mutations

You have large cloven feet.


Message History

Unknown command.
You hit the jelly but do no damage.
The jelly is heavily wounded.
You hit the worker ant but do no damage.
The worker ant is lightly wounded.
You block the jelly's attack. The worker ant completely misses you.
You hit the jelly but do no damage.
The jelly is heavily wounded.
You hit the worker ant but do no damage.
The worker ant is lightly wounded.
You feel sick. You block the jelly's attack. The worker ant bites you.
* * * LOW HITPOINT WARNING * * *
You hit the jelly but do no damage.
The jelly is heavily wounded.
You hit the worker ant but do no damage.
The worker ant is lightly wounded.
The jelly hits you.
* * * LOW HITPOINT WARNING * * *
You are splashed with acid!
The acid burns!
You die...

#.#... ...
#.#..######.#
#...........# ####
#.#.######..# ...#
#.#.........#
...####.#.######.##
...........# #.#
#..........# #a#
#..........# #@#
#..........# #J# ###
#######.#+######.#
..# #...........#.#
#.#
#...........#.####.#
#...........#......#
#...........######.#
#...........# #.#
#(..........# ###


You could see a jelly and a worker ant.

Vanquished Creatures
  2 sky beasts (D:6)
  An ice beast (D:6)
  A big kobold (D:6)
  An elf zombie (D:5)
  A giant frog (D:6)
  An elf skeleton (D:5)
  A goliath beetle (D:6)
  A giant frog zombie (D:6)
  2 hounds
  2 orc priests
  3 crimson imps
  Crazy Yiuf (D:4)
  2 human zombies (D:5)
  A jelly (D:5)
  Natasha (thrice) (D:4)
  8 worker ants
  An orc wizard (D:5)
  A hound skeleton (D:4)
  2 hound zombies (D:5)
  Robin (D:4)
  5 adders
  2 giant mites
  5 worms
  3 giant geckos
  3 oozes
  15 orcs
  4 bats
  4 giant cockroaches
  20 goblins
  16 hobgoblins
  9 jackals
  A quokka (D:3)
  2 ball pythons
  5 giant newts
  34 kobolds
  2 orc zombies (D:5)
  9 rats
  A plant (D:6)
176 creatures vanquished.

Vanquished Creatures (others)
  A hound (D:4)
  2 goblins (D:4)
3 creatures vanquished.

Grand Total: 179 creatures vanquished

Notes
Turn   | Place    | Note
--------------------------------------------------------------
     0 | D:1      | Tessst, the Human Fighter, began the quest for the Orb.
     0 | D:1      | Reached XP level 1. HP: 18/18 MP: 1/1
   110 | D:1      | Reached XP level 2. HP: 14/24 MP: 2/2
   437 | D:1      | Reached skill level 1 in Dodging
   443 | D:1      | Reached XP level 3. HP: 27/29 MP: 3/3
   863 | D:2      | Found a stormy altar of Qazlal.
  1068 | D:2      | Reached XP level 4. HP: 33/35 MP: 4/4
  1925 | D:2      | Gained mutation: You have large cloven feet. [potion of beneficial mutation]
  2113 | D:3      | Reached XP level 5. HP: 41/41 MP: 5/5
  2902 | D:4      | Noticed Natasha
  2924 | D:4      | Killed Natasha
  2938 | D:4      | Noticed Natasha
  2952 | D:4      | Killed Natasha
  2983 | D:4      | Reached XP level 6. HP: 41/47 MP: 6/6
  3085 | D:4      | Noticed Robin
  3086 | D:4      | Reached skill level 4 in Axes
  3103 | D:4      | Killed Robin
  3131 | D:4      | Found a staircase to the Ecumenical Temple.
  3143 | Temple   | Entered the Ecumenical Temple
  3235 | Temple   | Became a worshipper of Cheibriados the Contemplative
  3493 | D:4      | Noticed Natasha
  3498 | D:4      | Killed Natasha
  3648 | D:4      | Noticed Crazy Yiuf
  3655 | D:4      | Killed Crazy Yiuf
  3969 | D:4      | Acquired Cheibriados' first power
  4116 | D:5      | Entered Level 5 of the Dungeon
  4172 | D:5      | Reached XP level 7. HP: 52/52 MP: 7/7
  4208 | D:5      | Found a sand-covered staircase.
  4227 | D:5      | Reached skill level 5 in Axes
  4304 | D:5      | Reached skill level 5 in Dodging
  4560 | D:5      | Reached XP level 8. HP: 37/58 MP: 8/8
  4613 | D:5      | Reached skill level 6 in Axes
  5001 | D:6      | Found Qublu's Distillery.
  5010 | D:6      | Bought a potion of agility for 44 gold pieces
  5010 | D:6      | Bought a potion of agility for 44 gold pieces
  5010 | D:6      | Bought a potion of heal wounds for 55 gold pieces
  5118 | D:6      | Acquired Cheibriados' second power
  5224 | D:6      | Reached skill level 7 in Axes
  5421 | D:6      | Found Jifieskic's Assorted Antiques.
  5503 | D:6      | Bought a bound steel ring for 175 gold pieces
  5503 | D:6      | Identified the cursed ring "Nemaik" {-Tele rC+ MP+9 EV-3} (You bought it in a shop on level 6 of the Dungeon)
  5655 | D:6      | Found Prafrim's General Store.
  5992 | D:6      | Reached XP level 9. HP: 41/64 MP: 9/9
  6297 | D:6      | HP: 3/64 [jelly (3)]
  6297 | D:6      | Splashed by a jelly's acid

Action                   |  1- 3 |  4- 6 |  7- 9 || total
-------------------------+-------+-------+-------++-------
Melee: War axe           |    97 |   364 |   261 ||   722
       Hand axe          |       |       |   126 ||   126
       Unarmed           |       |       |     3 ||     3
Invok: Bend Time         |       |       |     1 ||     1
  Use: Scroll            |     2 |    16 |     4 ||    22
       Potion            |       |     1 |       ||     1
  Eat: Chunk             |       |    11 |     3 ||    14
       Pizza             |       |       |     1 ||     1
